 Dungeon Crawl Stone Soup version 0.30-a0-4-ga7cffc901d (webtiles) character file.

Game seed: 12578767942851698389

150061 purpskrrrp the Spry (level 16, -10/129 HPs)
             Began as a Demonspawn Gladiator on Aug 21, 2022.
             Was a High Priest of Wu Jian.
             Killed by the raging water
             ... invoked by a water nymph
              (25 damage)
             ... on level 3 of the Shoals on Aug 22, 2022.
             The game lasted 02:18:35 (37490 turns).

purpskrrrp the Spry (Demonspawn Gladiator)         Turns: 37490, Time: 02:18:35

Health: -10/129    AC: 27    Str: 16    XL:     16   Next: 97%
Magic:  14/14      EV: 26    Int:  7    God:    Wu Jian [*****.]
Gold:   1800       SH: 29    Dex: 40    Spells: 15/15 levels left

rFire   + . .      SeeInvis .    s - +6 dagger of the Viper {venom, Will+ Str-4 Dex+9}
rCold   . . .      Faith    .    J - +3 buckler
rNeg    . . .      Spirit   .    q - +8 chain mail {rF+}
rPois   +          Reflect  +    c - +0 helmet
rElec   .          Harm     .    U - +1 cloak of Starlight {*Dazzle EV+4 Stlth--}
rCorr   .          Rampage  +    N - +0 pair of gloves {Str+3}
Will    +++..                    Q - +0 pair of boots {rampage}
Stlth   +.........               b - amulet of reflection
HPRegen 0.31/turn                E - +6 ring of dexterity
MPRegen 0.14/turn                A - ring of the Dragon {rPois Dex+4 Stlth+}

@: unable to drink, very slow
A: hooves 1, large bone plates 3, foul stench 1, icemail 1, condensation shield,
dopey 1, low MP 1, strong-willed 1, inability to drink after injury 1
a: Renounce Religion, Wall Jump, Serpent's Lash, Heavenly Storm


You were on level 3 of the Shoals.
You worshipped Wu Jian.
Wu Jian was extremely pleased with you.
You visited 5 branches of the dungeon, and saw 26 of its levels.
You also visited: Sewer, Ossuary, Bailey and Gauntlet.

You collected 3139 gold pieces.
You spent 1339 gold pieces at shops.

Inventory:

Hand Weapons
 s - the +6 dagger of the Viper (weapon) {venom, Will+ Str-4 Dex+9}
   (You found it on level 2 of the Dungeon)

   It poisons the flesh of those it strikes.
   Str:       It affects your strength (-4).
   Dex:       It affects your dexterity (+9).
   Will:      It increases your willpower.
 T - a +9 arbalest of electrocution
Missiles
 e - 6 throwing nets
 k - 5 silver javelins
 l - 12 curare-tipped darts
 I - 58 poisoned darts (quivered)
 Y - 4 silver boomerangs
Armour
 c - a +0 helmet (worn)
 q - a +8 chain mail of fire resistance (worn)
 J - a +3 buckler (worn)
 N - a +0 pair of gloves of strength (worn)
 Q - a +0 pair of boots of rampaging (worn)
 S - a +4 plate armour of willpower
 U - the +1 cloak of Starlight (worn) {*Dazzle EV+4 Stlth--}
   (You acquired it on level 3 of the Lair of Beasts)

   It may blind those who miss an attack against the wearer in melee combat.
   EV:        It affects your evasion (+4).
   Stlth:     It makes you much less stealthy.
Jewellery
 a - a ring of wizardry
 b - an amulet of reflection (around neck)
 h - a ring of see invisible
 p - an amulet of the acrobat
 A - the ring of the Dragon (right hand) {rPois Dex+4 Stlth+}
   (You found it on level 4 of the Dungeon)

   [ring of poison resistance]

   Dex:       It affects your dexterity (+4).
   rPois:     It protects you from poison.
   Stlth:     It makes you more stealthy.
 E - a +6 ring of dexterity (left hand)
 R - a +4 ring of protection
Wands
 z - a wand of flame (20)
 H - a wand of paralysis (20)
 O - a wand of digging (5)
 V - a wand of quicksilver (5)
 W - a wand of roots (17)
 Z - a wand of mindburst (6)
Scrolls
 f - a scroll of immolation
 g - 6 scrolls of teleportation
 j - a scroll of magic mapping
 u - a scroll of enchant weapon
 F - 4 scrolls of fog
 P - 3 scrolls of poison
 X - a scroll of blinking
Potions
 m - 12 potions of mutation
 o - 2 potions of might
 t - 2 potions of magic
 v - 2 potions of lignification
 w - 3 potions of flight
 x - 3 potions of cancellation
 B - 2 potions of haste
 C - 5 potions of brilliance
 D - 7 potions of curing
 G - 5 potions of ambrosia
Miscellaneous
 M - a phantom mirror


   Skills:
 + Level 12.8 Fighting
 * Level 15.6 Short Blades
 - Level 3.4 Maces & Flails
 + Level 6.4 Ranged Weapons
 - Level 1.7 Throwing
 + Level 5.4 Armour
 + Level 16.0 Dodging
 - Level 11.7 Stealth
 * Level 5.2 Shields


You had 15 spell levels left.
You didn't know any spells.
Your spell library contained the following spells:

 Spells                   Type           Power      Damage    Failure   Level
 Foxfire                  Conj/Fire      0%         2x1d4     100%        1
 Magic Dart               Conj           0%         1d3       100%        1
 Ensorcelled Hibernation  Hex/Ice        0%         N/A       100%        2
 Searing Ray              Conj           0%         2d4       100%        2
 Sublimation of Blood     Necr           0%         N/A       100%        2
 Conjure Flame            Conj/Fire      0%         6-21      100%        3
 Ignite Poison            Fire/Tmut/Pois 0%         N/A       100%        3
 Inner Flame              Hex/Fire       0%         N/A       100%        3
 Ozocubu's Armour         Ice            0%         N/A       100%        3
 Spider Form              Tmut/Pois      0%         N/A       100%        3
 Anguish                  Hex/Necr       0%         N/A       100%        4
 Flame Wave               Conj/Fire      0%         2d4       100%        4
 Fulminant Prism          Conj/Hex       0%         3d6       100%        4
 Petrify                  Tmut/Erth      0%         N/A       100%        4
 Sticky Flame             Conj/Fire      0%         2d3       100%        4
 Irradiate                Conj/Tmut      0%         3d11      100%        5
 Conjure Ball Lightning   Conj/Air       0%         3x3d6     100%        6
 Ozocubu's Refrigeration  Ice            0%         4d7       100%        7
 Discord                  Hex            0%         N/A       100%        8
 Disjunction              Tloc           0%         N/A       100%        8


Dungeon Overview and Level Annotations

Branches:
Dungeon (15/15)            Temple (1/1) D:6            Lair (5/5) D:11
 Shoals (3/4) Lair:2        Snake (0/4) Lair:3        Slime (0/5) Lair:4
    Orc (2/2) D:10            Elf (0/3) Orc:2        Vaults (0/5) D:13
 Depths (0/4) D:15          Sewer (visited)         Ossuary (visited)
 Bailey (visited)         Gauntlet (visited)

Altars:
Ashenzari
Cheibriados
Dithmenos
Fedhas
Gozag
Hepliaklqana
Kikubaaqudgha
Makhleb
Nemelex Xobeh
Okawaru
Qazlal
Ru
Sif Muna
Trog
Uskayaw
Vehumet
Wu Jian
Xom
Yredelemnul
Ignis
Jiyva

Shops:
D:6 =   D:15 =   Orc:1 :   Orc:2 [?!?[

Portals:
Trove: D:11 (give 7 scrolls of blinking)


Innate Abilities, Weirdness & Mutations

You have large cloven feet.
You are completely covered in large bone plates. (SH +8)
You may rarely emit foul miasma when damaged in melee.
A meltable icy envelope protects you from harm. (AC +4)
A meltable shield of frost defends you. (SH +4)
You are dopey. (Int -2)
Your magical capacity is low. (-10% MP)
You are strong-willed. (Will+)
You occasionally lose the ability to drink potions when taking damage.


Message History

The water nymph gestures at you while chanting.
The water swirls and strikes you.
* * * LOW HITPOINT WARNING * * *
Your unstable footing causes you to fumble your attack.
The merfolk aquamancer attacks as you move away!
You block the merfolk aquamancer's attack.
The manticore flicks its tail.
The volley of spikes reflects off an invisible shield around you!
The volley of spikes hits the merfolk aquamancer!
The merfolk aquamancer mumbles some strange words.
The merfolk aquamancer blinks!
The merfolk aquamancer hits you with a +0 rapier of venom.
* * * LOW HITPOINT WARNING * * *
Splash!
You fall into the shallow water.
Moving in this stuff is going to be slow.
The water nymph gestures at you while chanting.
The water swirls and strikes you!!
You feel threatened and lose the ability to drink potions!
* * * LOW HITPOINT WARNING * * *
You block the water nymph's attack.
Blink to where?
Press: ? - help, Dir - move target
As you read the scroll of blinking, it crumbles to dust.
The merfolk aquamancer gestures at you while chanting.
The shard of ice reflects off an invisible shield around you!
The shard of ice hits the merfolk aquamancer!!
You kill the merfolk aquamancer!
The Council accepts your kill.
The water nymph flows with the water.
Splash!
You fall into the shallow water.
Moving in this stuff is going to be slow.
Blink to where?
Press: ? - help, Dir - move target Splash!
As you read the scroll of blinking, it crumbles to dust.
The water nymph casts a spell at you. The water swirls and strikes you!!
You die...

≈~~~≈≈≈~~~~~~~~~..##..~.~......~~
~~~~~~~~~~~~~~~~(###..~m§~.#...~~
~~..~~~~~~~~~~~~~.....~#####..~~~
~...~~~~~~~~~~~~...~~.######..~~≈
....~~...~~~~~~~~~~~..##......~~≈
.........~~~)~~~~~~..........~~~~
..#....~..~~)~~~~~~~~~.~~...~~~~~
......=~~~~~~~~~~~~~~..~~...~~~~
.###.[.~~~~~~~~~@~~~~~.~~~......
.(##.........~~~~~~~~~.~~~......
##.)..((###....~~≈≈~~~~~~~..####
##)....<###.....~≈≈≈~~~~~...#
....P...##...~...~≈≈≈~~~~...#
..........~~~~~~~~≈≈≈≈≈≈~~..
P##...###.~~~~~~~~~≈≈≈≈≈~..
.##..## #...~~.~~~≈≈≈≈≈≈~.
#....####.......~≈≈≈≈≈≈≈~~


You could see a water nymph (poisoned).

Vanquished Creatures
  Jorgrun (D:14)
  A kraken (Shoals:1)
  Polyphemus (Shoals:2)
  Frances (D:14)
  Ilsuiw (Shoals:2)
  A minotaur (Gauntlet)
  A merfolk javelineer (Shoals:3)
  The ghost of Jeffwins the Arsonist, a journeyman HuWn of Vehumet (D:13)
  2 merfolk impalers
  A fire dragon (Lair:5)
  4 vault guards (D:13)
  5 boulder beetles
  9 hydras
  6 centaur warriors
  A ghost crab (Gauntlet)
  3 merfolk aquamancers
  A merfolk avatar (Shoals:1)
  4 two-headed ogres
  A death knight (D:14)
  11 death yaks
  2 tengu warriors (Gauntlet)
  2 catoblepae
  The ghost of Valamore the Covert, a journeyman FeEE of Vehumet (Lair:4)
  A deep elf knight (D:12)
  3 orc high priests (Orc:2)
  Sonja (Lair:3)
  4 sea snakes (Shoals:1)
  A phantasmal warrior (D:14)
  3 lindwurms (Lair:5)
  2 wizards (D:15)
  6 orc knights
  2 necromancers
  7 harpies (Shoals:1)
  4 orc sorcerers
  14 ugly things
  2 wolf spiders (Lair:5)
  13 manticores
  5 cyclopes
  4 deep elf pyromancers
  14 fauns
  7 elephants
  A water nymph (Shoals:1)
  6 merfolk sirens
  A guardian serpent (Lair:5)
  A naga mage (D:15)
  11 black mambas
  Maurice (D:11)
  A gargoyle (D:13)
  Maggie (D:8)
  Psyche (D:8)
  5 torpor snails (Lair:5)
  13 rime drakes
  4 freezing wraiths
  2 kobold demonologists
  22 cane toads
  4 centaur skeletons (D:15)
  9 komodo dragons
  3 tengu conjurers (Gauntlet)
  2 wind drakes
  A guardian mummy (D:11)
  4 trolls
  23 merfolk
  3 meliai (D:13)
  A queen bee (D:13)
  19 blink frogs
  3 polar bears
  10 hornets
  4 tyrant leeches (Lair:5)
  3 slime creatures (D:11)
  4 dream sheep (Lair:4)
  5 snapping turtles
  A spriggan (shapeshifter) (D:15)
  15 flying skulls (Gauntlet)
  8 water elementals
  14 wyverns
  A vampire (D:12)
  A wraith (D:11)
  19 fire elementals
  65 yaks
  7 basilisks
  2 steam dragons (D:9)
  A redback (Lair:5)
  A vampire mosquito (D:13)
  2 nagas (Lair:3)
  6 wargs
  An acid dragon (D:13)
  18 water moccasins
  A floating eye (shapeshifter) (D:12)
  42 orc warriors
  An ice beast (D:6)
  A black bear (shapeshifter) (D:14)
  A sky beast (D:7)
  4 black bears
  13 wolves
  3 ogres
  16 centaurs
  A phantom (D:6)
  9 kobold brigands
  5 gnoll sergeants
  15 bullfrogs
  2 scorpions
  5 water moccasin zombies (Ossuary)
  12 wights
  16 killer bees
  2 electric eels
  5 howler monkeys
  2 jellies
  18 orc priests
  A hound (D:6)
  7 iguanas
  27 orc wizards
  11 hell rats (Lair:3)
  A boggart skeleton (D:15)
  2 mummies (Ossuary)
  22 gnolls
  10 adders
  A shadow imp (D:6)
  3 ufetubi
  3 adder zombies (Ossuary)
  4 dart slugs
  122 orcs
  5 endoplasms
  10 giant cockroaches
  9 goblins
  8 hobgoblins
  6 jackals
  32 kobolds
  5 quokkas
  9 ball pythons
  3 bats
  2 frilled lizards
  5 gnoll zombies (Ossuary)
  2 hobgoblin zombies (Ossuary)
  7 kobold zombies (Ossuary)
  An orc zombie (Ossuary)
  7 rats
  4 tentacles (Shoals:1)
987 creatures vanquished.

Vanquished Creatures (collateral kills)
  An elephant (Lair:5)
  A wyvern (Lair:5)
  A water moccasin (Lair:5)
3 creatures vanquished.

Vanquished Creatures (others)
  An orc priest (Orc:2)
  A bush (Lair:4)
  102 foxfires
  55 fungi
  149 plants
  7 tentacles (Shoals:1)
315 creatures vanquished.

Grand Total: 1305 creatures vanquished

Notes
Turn   | Place    | Note
-------+----------+-------------------------------------------
     0 | D:1      | purpskrrrp the Demonspawn Gladiator began the quest for the
                  | Orb.
     0 | D:1      | Reached XP level 1. HP: 16/16 MP: 1/1
   230 | D:1      | Gained mutation: You have large cloven feet. [demonic
                  | ancestry]
   230 | D:1      | Reached XP level 2. HP: 18/22 MP: 2/2
   318 | D:1      | Reached skill level 3 in Dodging
   359 | D:1      | Found a faded altar of an unknown god.
   999 | D:1      | Prayed at the altar of an unknown god.
   999 | D:1      | Became a worshipper of Ignis, the Dying Flame
  1036 | D:2      | Reached XP level 3. HP: 28/28 MP: 3/3
  1669 | D:2      | Identified the +6 dagger of the Viper {venom, Will+ Str-4
                  | Dex+9}
  2218 | D:3      | Found a glowing drain.
  2234 | Sewer    | Entered a sewer
  2252 | Sewer    | Noticed a kobold brigand
  2256 | Sewer    | Gained mutation: You may rarely emit foul miasma when
                  | damaged in melee. [demonic ancestry]
  2256 | Sewer    | Reached XP level 4. HP: 34/34 MP: 4/4
  2262 | Sewer    | Killed a kobold brigand
  2411 | Sewer    | Reached XP level 5. HP: 40/40 MP: 5/5
  2432 | Sewer    | Reached skill level 1 in Short Blades
  2432 | Sewer    | Reached skill level 1 in Armour
  2432 | Sewer    | Reached skill level 4 in Dodging
  2432 | Sewer    | Reached skill level 1 in Stealth
  2613 | Sewer    | Reached XP level 6. HP: 34/47 MP: 6/6
  3774 | D:4      | Identified the ring of the Dragon {rPois Dex+4 Stlth+}
  3919 | D:4      | Found a sand-covered staircase.
  3928 | Ossuary  | Entered an ossuary
  4064 | Ossuary  | Reached XP level 7. HP: 53/53 MP: 7/7
  4081 | Ossuary  | Reached skill level 5 in Dodging
  4731 | D:5      | Entered Level 5 of the Dungeon
  5117 | D:5      | Gained mutation: You are partially covered in large bone
                  | plates. (SH +4) [demonic ancestry]
  5117 | D:5      | Reached XP level 8. HP: 58/60 MP: 8/8
  5505 | D:6      | Found a blossoming altar of Fedhas.
  5876 | D:6      | Reached skill level 6 in Dodging
  6014 | D:6      | Identified the +0 cloak "Foug" {rCorr}
  6079 | D:6      | Found Senu's Jewellery Shop.
  6163 | D:6      | Found a staircase to the Ecumenical Temple.
  6663 | D:6      | Bought a +6 ring of dexterity for 360 gold pieces
  6718 | D:7      | Reached skill level 5 in Fighting
  6863 | D:7      | Gained mutation: You are mostly covered in large bone
                  | plates. (SH +6) [demonic ancestry]
  6863 | D:7      | Reached XP level 9. HP: 68/68 MP: 9/9
  7119 | D:7      | Reached skill level 7 in Dodging
  7664 | D:8      | Noticed Psyche
  7675 | D:8      | Killed Psyche
  7676 | D:8      | Reached skill level 5 in Short Blades
  7743 | D:8      | Noticed Maggie
  7757 | D:8      | Killed Maggie
  7758 | D:8      | Reached skill level 5 in Stealth
  7956 | D:8      | Reached skill level 8 in Dodging
  8688 | D:9      | Gained mutation: A meltable shield of frost defends you.
                  | (SH +4) [demonic ancestry]
  8688 | D:9      | Reached XP level 10. HP: 54/76 MP: 10/10
  8745 | D:9      | Found a flagged portal.
  8747 | D:9      | Noticed a two-headed ogre
  8760 | D:9      | Killed a two-headed ogre
  8772 | Bailey   | Entered a bailey
  9118 | Bailey   | Reached skill level 9 in Dodging
  9987 | Bailey   | Gained mutation: You are strong-willed. (Will+) [potion of
                  | mutation]
 11113 | D:10     | Entered Level 10 of the Dungeon
 11130 | D:10     | Reached XP level 11. HP: 52/84 MP: 11/11
 11342 | D:10     | Found a staircase to the Orcish Mines.
 11648 | D:10     | Reached skill level 10 in Dodging
 11809 | D:10     | Noticed a two-headed ogre
 11848 | D:10     | Killed a two-headed ogre
 12500 | D:11     | Noticed a cyan ugly thing
 12537 | D:11     | Killed a cyan ugly thing
 12564 | D:11     | Found a staircase to the Lair.
 12715 | D:11     | Noticed a two-headed ogre
 12729 | D:11     | Killed a two-headed ogre
 12848 | D:11     | Noticed Maurice
 12862 | D:11     | Killed Maurice
 13156 | D:11     | Reached XP level 12. HP: 94/94 MP: 12/12
 13161 | D:11     | Reached skill level 11 in Dodging
 13224 | D:11     | Found a portal to a secret trove of treasure.
 14068 | D:12     | Found a gate leading to a gauntlet.
 14079 | Gauntlet | Entered a Gauntlet
 14079 | Gauntlet | Found a transporter.
 14089 | Gauntlet | Found a transporter.
 14092 | Gauntlet | Found a transporter.
 14093 | Gauntlet | Found a transporter.
 14098 | Gauntlet | Noticed a tengu warrior
 14102 | Gauntlet | Found a transporter.
 14104 | Gauntlet | Found a transporter.
 14105 | Gauntlet | Found a transporter.
 14111 | Gauntlet | Noticed a tengu warrior
 14114 | Gauntlet | Found a transporter.
 14116 | Gauntlet | Found a transporter.
 14117 | Gauntlet | Found a transporter.
 14128 | Gauntlet | Found a transporter.
 14128 | Gauntlet | Found a transporter.
 14129 | Gauntlet | Found a transporter.
 14136 | Gauntlet | Found a runed translucent door.
 14139 | Gauntlet | Found a transporter.
 14143 | Gauntlet | Noticed a ghost crab
 14419 | Gauntlet | Killed a tengu warrior
 14440 | Gauntlet | Reached skill level 10 in Short Blades
 14450 | Gauntlet | Killed a tengu warrior
 14889 | Gauntlet | Killed a ghost crab
 15301 | Gauntlet | Noticed a minotaur
 15331 | Gauntlet | Killed a minotaur
 15559 | D:12     | Noticed a four-headed hydra
 15563 | D:12     | Noticed a centaur warrior
 15573 | D:12     | Killed a four-headed hydra
 15574 | D:12     | Reached skill level 12 in Dodging
 15575 | D:12     | Noticed a centaur warrior
 15593 | D:12     | Killed a centaur warrior
 15606 | D:12     | Killed a centaur warrior
 15686 | D:12     | Noticed a six-headed hydra
 16126 | D:12     | Killed a six-headed hydra
 16357 | D:12     | Gained mutation: A meltable icy envelope protects you from
                  | harm. (AC +4) [demonic ancestry]
 16357 | D:12     | Reached XP level 13. HP: 101/101 MP: 13/13
 16722 | D:13     | Noticed Jeffwins's ghost (journeyman HuWn)
 16729 | D:13     | Found a runed translucent door.
 17665 | Lair:1   | Entered Level 1 of the Lair of Beasts
 18549 | Lair:1   | Found a snail-covered altar of Cheibriados.
 19514 | Lair:2   | Reached skill level 10 in Fighting
 19514 | Lair:2   | Reached skill level 13 in Dodging
 19534 | Lair:2   | Found a staircase to the Shoals.
 19722 | Lair:3   | Found a staircase to the Snake Pit.
 20378 | Lair:3   | Noticed Sonja
 20390 | Lair:3   | Killed Sonja
 20721 | Lair:3   | Identified a scroll of acquirement
 20722 | Lair:3   | Acquired the +1 cloak of Starlight {*Dazzle EV+4 Stlth--}
 20722 | Lair:3   | Found the +1 cloak of Starlight {*Dazzle EV+4 Stlth--}
 20822 | Lair:4   | Reached skill level 10 in Stealth
 20872 | Lair:4   | Reached XP level 14. HP: 99/111 MP: 14/14
 21043 | Lair:4   | HP: 5/111 [death yak (32)]
 22294 | Lair:4   | Found a viscous altar of Jiyva.
 22294 | Lair:4   | Found a staircase to the Slime Pits.
 22463 | Lair:4   | Found a runed translucent gate.
 22463 | Lair:4   | Found a runed translucent gate.
 22463 | Lair:4   | Found a runed translucent gate.
 22465 | Lair:4   | Noticed Valamore's ghost (journeyman FeEE)
 22972 | Lair:4   | Killed Valamore's ghost
 22986 | Lair:4   | Reached skill level 1 in Ranged Weapons
 22986 | Lair:4   | Reached skill level 14 in Dodging
 23293 | Lair:5   | Entered Level 5 of the Lair of Beasts
 24870 | Lair:5   | Found a runed translucent door.
 24947 | Lair:5   | Reached XP level 15. HP: 88/119 MP: 15/15
 26665 | Temple   | Entered the Ecumenical Temple
 26860 | Temple   | Fell from the grace of Ignis
 26860 | Temple   | Became a worshipper of the Wu Jian Council
 27511 | D:13     | Found a gate to the Vaults.
 27543 | D:13     | Reached skill level 15 in Dodging
 27947 | D:13     | Reached * piety under Wu Jian
 28466 | D:13     | Killed Jeffwins's ghost
 29383 | D:14     | Noticed Jorgrun
 29408 | D:14     | Killed Jorgrun
 30234 | D:14     | Noticed Frances
 30251 | D:14     | Killed Frances
 30508 | D:15     | Entered Level 15 of the Dungeon
 30665 | D:15     | Reached skill level 5 in Ranged Weapons
 30667 | D:15     | Reached ** piety under Wu Jian
 30907 | D:15     | Found Nebosiad's Jewellery Emporium.
 30982 | D:15     | Found an iron altar of Okawaru.
 31459 | D:15     | Found a staircase to the Depths.
 31468 | D:15     | Gained mutation: You are completely covered in large bone
                  | plates. (SH +8) [demonic ancestry]
 31468 | D:15     | Reached XP level 16. HP: 127/127 MP: 16/16
 31614 | D:14     | Was forgiven by Ignis
 31724 | Orc:1    | Entered Level 1 of the Orcish Mines
 32034 | Orc:1    | Found Wiuhuit's Book Shop.
 32361 | Orc:1    | You fall into a shaft and drop 1 floor!
 32361 | Orc:2    | Entered Level 2 of the Orcish Mines
 32368 | Orc:2    | Found a staircase to the Elven Halls.
 32395 | Orc:1    | Reached *** piety under Wu Jian
 32536 | Orc:2    | Reached skill level 1 in Shields
 32590 | Orc:2    | Found Icabanup's Antique Armour Shop.
 32672 | Orc:2    | Bought a pair of embroidered boots for 232 gold pieces
 32912 | Orc:2    | Reached **** piety under Wu Jian
 33508 | Orc:2    | Found Meducish's Magic Scroll Boutique.
 33508 | Orc:2    | Found Degocozuopp's Armour Shoppe.
 33516 | Orc:2    | Gained mutation: You are dopey. (Int -2) [a neqoxec]
 33522 | Orc:2    | Gained mutation: You occasionally lose the ability to drink
                  | potions when taking damage. [a neqoxec]
 33524 | Orc:2    | Gained mutation: Your magical capacity is low. (-10% MP) [a
                  | neqoxec]
 33536 | Orc:2    | Found Kamarghy's Magic Scroll Shoppe.
 33536 | Orc:2    | Found Pom Qopp's Distillery.
 33601 | Orc:2    | Bought a scroll of teleportation for 36 gold pieces
 33601 | Orc:2    | Bought a scroll of immolation for 48 gold pieces
 33601 | Orc:2    | Bought a scroll of blinking for 90 gold pieces
 33601 | Orc:2    | Bought a scroll of enchant armour for 90 gold pieces
 33601 | Orc:2    | Bought a scroll of teleportation for 36 gold pieces
 33601 | Orc:2    | Bought a scroll of poison for 48 gold pieces
 33605 | Orc:2    | Bought a scroll of brand weapon for 133 gold pieces
 33605 | Orc:2    | Bought 2 scrolls of brand weapon for 266 gold pieces
 33827 | Shoals:1 | Entered Level 1 of the Shoals
 33930 | Shoals:1 | Reached skill level 15 in Short Blades
 34433 | Shoals:1 | Reached ***** piety under Wu Jian
 34473 | Shoals:1 | Found a basalt altar of Yredelemnul.
 34478 | Shoals:1 | Noticed a kraken
 34696 | Shoals:1 | Killed a kraken
 35240 | Shoals:2 | Noticed Ilsuiw
 35585 | Shoals:2 | Killed Ilsuiw
 35870 | Shoals:2 | Reached skill level 5 in Armour
 36105 | Shoals:2 | Noticed Polyphemus
 36134 | Shoals:2 | Killed Polyphemus
 36135 | Shoals:2 | Reached skill level 16 in Dodging
 36637 | Shoals:3 | Reached skill level 5 in Shields
 37490 | Shoals:3 | Killed from afar by a water nymph

Illustrated notes

Levels and vault maps discovered:
D:1:      heliophobic_arrival_henge, layout_loops_ring,
          shapermc_ecumenical_altar_gd, minmay_misc_feat_plants
D:2:      layout_basic
D:3:      layout_basic, gup_sewer_entry_pipe
D:4:      layout_basic, lightli_ossuary_entry_decrepit_ruins
D:5:      layout_rooms
D:6:      layout_basic, lemuel_doored_altar, minmay_temple_entry_mist,
          serial_shops, nicolae_take_the_stairs
D:7:      layout_loops_ring
D:8:      cheibrodos_elevator_heist, layout_basic, serial_curves,
          eino_curves_04, eino_curves_01, eino_curves_03, eino_curves_01,
          uniq_psyche, uniq_maggie
D:9:      layout_irregular_city, zin_treasury, enter_bailey_5
D:10:     layout_basic, minmay_orc_entry_guard_dogs
D:11:     layout_long_grid, due_lair_maze_entry_diamond,
          nicolae_trove_entry_path_of_doom, uniq_maurice
D:12:     minmay_bloctagon_deflated, layout_basic, gauntlet_entry_generic,
          tso_altar
D:13:     layout_roguey [special_room_orc], lightli_vaults_fourway_checkpoint,
          special_room [special_room_bee], hellmonk_ghost_happy_afterlife
D:14:     layout_roguey, serial_park_avenue1, uniq_jorgrun, uniq_frances
D:15:     grunt_enter_depths_magical_seal, layout_irregular_city,
          okawaru_ov_weapons_minmay, serial_shops, shop
Temple:   nicolae_temple_bog_church
Lair:1:   minmay_lair_venomous_thicket, layout_cave_pods, basic_altar,
          infiniplex_staircase_pool
Lair:2:   layout_long_grid, elwin_shoals_entry_rooms
Lair:3:   layout_roguey [special_room_mythical_zoo],
          guppyfry_snake_entry_garden, serial_bayou_shore_b, uniq_sonja
Lair:4:   layout_regular_city, slime_entry_1, gammafunk_ghost_hydra_chop,
          beast_lair_carwin_5
Lair:5:   wormcave, layout_cave_shapes, hangedman_lair_tendril_chambers
Shoals:1: layout_shoals, wheals_shoals_ruined_temple
Shoals:2: layout_shoals, uniq_polyphemus, uniq_ilsuiw
Shoals:3: layout_shoals, nicolae_splish_splash
Orc:1:    layout_caves, basic_altar, serial_shops, shop
Orc:2:    grunt_orc_tribal_feast, layout_caves, serial_shops,
          nicolae_shop_statue_plus, nicolae_orc_sculptors_studio

Skill      XL: |  1  2  3  4  5  6  7  8  9 10 11 12 13 14 15 16 |
---------------+-------------------------------------------------+-----
Maces & Flails | 3 |  3.4
Dodging        | 3 4 5 6 8 9 10 12 13 14 15 16 | 16.0
Fighting       | 3 4 5 6 7 8 9 10 11 12 | 12.8
Short Blades   | 1 2 4 6 7 9 11 12 13 14 15 | 15.6
Armour         | 1 2 3 5 |  5.4
Stealth        | 1 2 3 4 5 6 7 8 10 11 | 11.7
Ranged Weapons | 3 5 6 |  6.4
Shields        | 5 |  5.2
Throwing       | |  1.7

Action                   |  1- 3 |  4- 6 |  7- 9 | 10-12 | 13-15 | 16-18 || total
-------------------------+-------+-------+-------+-------+-------+-------++-------
Melee: Flail             |   106 |       |       |       |       |       ||   106
       Kick              |    26 |    30 |   143 |   488 |  1231 |   122 ||  2040
       Punch             |     4 |     2 |     6 |     3 |       |       ||    15
       Dagger            |    20 |   125 |   387 |  1007 |  2369 |  1437 ||  5345
Throw: Dart              |       |       |       |    34 |     5 |       ||    39
       Javelin           |       |       |       |    16 |       |       ||    16
       Throwing net      |       |       |       |     3 |       |       ||     3
Invok: Foxfire Swarm     |       |       |       |     5 |     2 |       ||     7
       Fiery Armour      |       |       |       |     1 |     1 |       ||     2
       Lunge             |       |       |       |       |    25 |    10 ||    35
       Whirlwind         |       |       |       |       |    11 |    99 ||   110
 Abil: Wall Jump         |       |       |       |       |       |    27 ||    27
Evoke: Wand              |       |       |       |     6 |       |       ||     6
  Use: Scroll            |     4 |     2 |    11 |    21 |    15 |    12 ||    65
       Potion            |       |       |     2 |    17 |     9 |     2 ||    30
 Stab: Sleeping          |     2 |       |     4 |     2 |    16 |     3 ||    27
       Invisible         |       |       |     4 |     6 |    70 |    27 ||   107
       Paralysed         |       |       |       |     2 |       |       ||     2
       Distracted        |       |       |       |     1 |     6 |       ||     7
       Petrifying        |       |       |       |       |       |     2 ||     2
       Petrified         |       |       |       |       |       |     1 ||     1
Armor: Leather armour    |    35 |       |       |       |       |       ||    35
       Chain mail        |    16 |    60 |   131 |   265 |   317 |   119 ||   908
Dodge: Dodged            |   107 |    57 |   156 |   511 |  1036 |   386 ||  2253
Block: Other             |       |       |    40 |   142 |       |       ||   182
       Buckler           |       |       |       |   673 |  1700 |  1114 ||  3487
       Reflection        |       |       |       |       |       |    71 ||    71

Table legend: (Time is in decaauts)
 A = Elapsed time spent in this place.
 B = Non-inter-level travel time spent in this place.
 C = Inter-level travel time spent in this place.
 D = Time resting spent in this place.
 E = Time spent auto-exploring this place.
 F = Levels seen in this place.
 G = Mean time per level.
                   A        B        C        D        E       F      G
               +--------+--------+--------+--------+--------+-----+--------+
         Total |  35924 |  34291 |   1633 |   6614 |  19119 |  30 | 1197.5 |
       Dungeon |  18134 |  16984 |   1150 |   2687 |  10393 |  15 | 1208.9 |
        Temple |    237 |    227 |     10 |      0 |    157 |   1 |  237.0 |
          Lair |   8305 |   7902 |    403 |   1685 |   4558 |   5 | 1661.0 |
        Shoals |   3560 |   3546 |     14 |   1110 |   1354 |   3 | 1186.7 |
  Orcish Mines |   1947 |   1893 |     54 |    493 |    910 |   2 |  973.5 |
         Sewer |    697 |    697 |      0 |      0 |    596 |   1 |  697.0 |
       Ossuary |    409 |    409 |      0 |      0 |    282 |   1 |  409.0 |
        Bailey |   1263 |   1263 |      0 |    295 |    370 |   1 | 1263.0 |
      Gauntlet |   1369 |   1369 |      0 |    344 |    497 |   1 | 1369.0 |
               +--------+--------+--------+--------+--------+-----+--------+

Top non-repeatable levels by time:
  Lair:4: 2955 daAuts
    D:13: 2386 daAuts
  Lair:5: 2261 daAuts
    D:11: 1576 daAuts
Shoals:2: 1541 daAuts
Shoals:1: 1500 daAuts
    D:12: 1492 daAuts
     D:8: 1465 daAuts
    D:14: 1416 daAuts
    D:10: 1380 daAuts
Gauntlet: 1369 daAuts
  Bailey: 1263 daAuts
   Orc:2: 1192 daAuts
     D:6: 1170 daAuts
     D:2: 1170 daAuts
